 Dungeon Crawl Stone Soup version 0.17-a0-1882-g750edc8 (webtiles) character file.

91 horredgrones the Insei (level 4, 0/28 HPs)
             Began as an Octopode Transmuter on Sept 22, 2015.
             Slain by a gnoll
             ... wielding a +0 flail
              (15 damage)
             ... on level 4 of the Dungeon.
             The game lasted 00:06:45 (2426 turns).

horredgrones the Insei (Octopode Transmuter)        Turns: 2426, Time: 00:06:45

Health: 0/28       AC:  1    Str:  9    XL:     4   Next: 59%
Magic:  7/7        EV: 13    Int: 15    God:
Gold:   138        SH:  0    Dex: 13    Spells: 1 memorised, 6 levels left

rFire  . . .     SeeInvis .       - Unarmed
rCold  . . .     Clarity  .     (no shield)
rNeg   . . .     SustAt   .     (helmet restricted)
rPois  .         Gourm    .     (no amulet)
rElec  .         Spirit   .     j - ring of protection from magic
rCorr  .         Warding  .     t - ring of flight
rMut   .         Stasis   .     (no ring)
MR     +....                    (no ring)
Stlth  ++........               (no ring)
                                (no ring)
                                (no ring)
                                (no ring)

@: somewhat resistant to hostile enchantments, unstealthy
A: almost no armour, amphibious, 8 rings, constrict 8, camouflage 1, gelatinous
body 1
a: Evoke Flight


You were on level 4 of the Dungeon.
You were not hungry.

You visited 1 branch of the dungeon, and saw 6 of its levels.

You collected 138 gold pieces.

Inventory:

Missiles
 a - 12 arrows
Jewellery
 j - a ring of protection from magic (left tentacle)
 t - a ring of flight (right tentacle)
Magical devices
 y - a wand of digging (10)
Scrolls
 d - 2 scrolls of recharging {unknown}
 h - 2 scrolls of amnesia {unknown}
 l - a scroll of identify {unknown}
 m - 3 scrolls of remove curse
 p - a scroll of fear {unknown}
 q - 2 scrolls of immolation {unknown}
 r - a scroll of fog {unknown}
 u - a scroll of teleportation {unknown}
 x - a scroll of magic mapping {unknown}
Potions
 e - a potion of degeneration {unknown}
 f - a potion of lignification {unknown}
 i - a potion of agility {unknown}
 k - 2 potions of curing {unknown}
 n - a potion of heal wounds {unknown}
 o - 2 potions of cancellation {unknown}
 s - 2 potions of poison {unknown}
 w - a potion of haste {unknown}
Books
 b - a book of Changes

   Spells                             Type                      Level
   a - Beastly Appendage              Transmutation                1
   b - Sticks to Snakes               Transmutation                2
   c - Spider Form                    Transmutation/Poison         3
   d - Ice Form                       Ice/Transmutation            4
   e - Blade Hands                    Transmutation                5
Comestibles
 c - 3 bread rations
 g - 2 beef jerkies
 v - a meat ration


   Skills:
 - Level 1.0 Fighting
 + Level 3.2 Dodging
 * Level 4.5 Unarmed Combat
 - Level 2.0 Spellcasting
 - Level 2.0 Transmutations


You had 6 spell levels left.
You knew the following spells:

 Your Spells              Type           Power        Failure   Level  Hunger
a - Beastly Appendage     Trmt           #.....       12%         1    #......


Dungeon Overview and Level Annotations

Branches:
Dungeon (6/15)
 Temple: D:4-7

Altars:
Fedhas
Gozag
Zin


Innate Abilities, Weirdness & Mutations

You cannot wear most types of armour.
You are amphibious.
You can wear up to eight rings at the same time.
You can use your tentacles to constrict eight enemies at once.
Your skin changes colour to match your surroundings (Stealth).
Your rubbery body absorbs attacks (AC +1).


Message History

Found a stone staircase leading down.
A worm comes into view.
A gnoll comes into view. It is wielding a flail.
An iguana comes into view.
The orc hits you with a club.
A giant newt and an orc come into view.
The orc shouts!
Found 11 sling bullets. 2 gnolls come into view.
The gnoll shouts!
The gnoll moves out of view.
A gnoll comes into view. It is wielding a spear.
Found a stone staircase leading down.
Read which item? (? for menu, Esc to quit)
As you read the scroll labeled ALOIRI IDUKHETTOS, it crumbles to dust.
You feel blessed for a moment.
It was a scroll of remove curse.
The kobold closely misses you. The orc hits you but does no damage.
The gnoll hits you with a flail!
Ouch! That really hurt!
You die...

##♣P)K.#)## .#..
♣#PP..♣♣#.####<..#..
♣.K.K♣# #..Z..owgg..
K..KK♣(♣P#
#..###.....
.KK...P.##
♣..###...###
.KKK♣♣P##
♣...K#g.(... ..K ###
#.K#l.o..### ††
#.#.oKg...... K
#...o@#..#..^
#...#>.##.#
#...####.. >.. ....
.... .. l.# ..... ##
.# >...... ##....#.
..#.##..


You could see a worm (wandering), 4 gnolls, 3 orcs, 3 kobolds and a giant newt.

Vanquished Creatures
  A worker ant (D:6)
  An ooze (D:1)
  2 worms
  3 orcs (D:3)
  2 ball pythons
  6 bats
  3 giant cockroaches
  A goblin (D:1)
  10 hobgoblins
  2 jackals (D:1)
  6 kobolds
  8 giant newts
  5 rats
50 creatures vanquished.

Notes
Turn   | Place    | Note
--------------------------------------------------------------
     0 | D:1      | horredgrones the Octopode Transmuter began the quest for the Orb.
     0 | D:1      | Reached XP level 1. HP: 13/13 MP: 3/3
   319 | D:1      | Reached XP level 2. HP: 15/18 MP: 5/5
   716 | D:1      | Reached XP level 3. HP: 15/23 MP: 6/6
  1358 | D:2      | Reached skill level 4 in Unarmed Combat
  1449 | D:2      | Found a glowing silver altar of Zin.
  1449 | D:2      | Noticed an angel
  1584 | D:2      | Found an opulent altar of Gozag.
  1849 | D:3      | Reached XP level 4. HP: 20/28 MP: 7/7
  2096 | D:3      | You fall through a shaft for 3 floors!
  2115 | D:5      | Entered Level 5 of the Dungeon
  2118 | D:5      | Found a blossoming altar of Fedhas.
  2403 | D:4      | Noticed a big kobold
  2426 | D:4      | Slain by a gnoll

Vault maps used:
D:1:      sevenhm_arrival_forest_fort_small_4
D:2:      grunt_gozag_statues, zin_angel, first_bread, serial_bayou_lake_a
D:3:      kennysheep_nondescript, roderic_batcave
D:4:      kennysheep_kobold_camp, okawaru_ov_weapons_minmay,
          minmay_temple_entry_nine_rooms, serial_shops, shop
D:5:      lemuel_crystal_altar, tso_oasis_becter, basic_altar
D:6:      wad_lake_hut, led_sif_book, basic_altar, minmay_hedge_maze

Action                   |  1- 3 |  4- 6 || total
-------------------------+-------+-------++-------
Melee: Unarmed           |    85 |    22 ||   107
  Use: Scroll            |       |     1 ||     1
 Stab: Sleeping          |    12 |     3 ||    15
  Eat: Chunk             |     3 |     2 ||     5
